 Dungeon Crawl Stone Soup version 0.21.0-3-g78d12a8 (webtiles) character file.

53 tidbits the Sneak (level 3, -3/16 HPs)
             Began as a Vine Stalker Air Elementalist on Jan 10, 2018.
             Slain by an iguana (11 damage)
             ... on level 4 of the Dungeon.
             The game lasted 00:05:50 (919 turns).

tidbits the Sneak (Vine Stalker Air Elementalist)    Turns: 919, Time: 00:05:50

Health: -3/16      AC:  2    Str: 11    XL:     3   Next: 89%
Magic:  0/7        EV: 12    Int: 15    God:
Gold:   81         SH:  0    Dex: 14    Spells: 5/6 levels left

rFire    . . .     SeeInvis .   a - +0 dagger
rCold    . . .     Gourm    .   (no shield)
rNeg     . . .     Faith    .   e - +0 robe
rPois    .         Spirit   +   (no helmet)
rElec    .         Reflect  .   (no cloak)
rCorr    .         Harm     .   (no gloves)
MR       .....                  (no boots)
Stlth    +++.......             (no amulet)
HPRegen  0.05/turn              (no ring)
MPRegen  0.10/turn              (no ring)

@: very slightly contaminated
A: fangs 2, magic shield, antimagic bite, no potion heal 3, rot immunity
a: no special abilities


You were on level 4 of the Dungeon.
You were not hungry.

You visited 1 branch of the dungeon, and saw 4 of its levels.

You collected 81 gold pieces.

Inventory:

Hand Weapons
 a - a +0 dagger (weapon)
 g - a +0 short sword
Missiles
 j - 50 arrows
Armour
 e - a +0 robe (worn)
Scrolls
 f - 2 scrolls of teleportation
 i - a scroll of remove curse {unknown}
 k - a scroll of magic mapping {unknown}
Potions
 h - a potion of brilliance {unknown}
 l - a potion of berserk rage {unknown}
 m - a potion of flight
 n - a potion of might
Books
 b - a book of Air

   Spells                             Type                      Level
   a - Shock                          Conjuration/Air              1
   b - Swiftness                      Charms/Air                   2
   c - Static Discharge               Conjuration/Air              3
   d - Airstrike                      Air                          4
   e - Lightning Bolt                 Conjuration/Air              5
Comestibles
 c - 7 rations


   Skills:
 - Level 1.5 Dodging
 + Level 4.1 Stealth
 + Level 2.2 Unarmed Combat
 - Level 2.1 Spellcasting
 - Level 1.0 Conjurations
 - Level 3.0 Air Magic


You had 5 spell levels left.
You knew the following spells:

 Your Spells              Type           Power        Failure   Level  Hunger
a - Shock                 Conj/Air       #...         10%         1    #......


Dungeon Overview and Level Annotations

Branches:
Dungeon (4/15)
 Temple: D:4-7

Altars:
Yredelemnul

Annotations:
D:2 exclusion: adder
D:3 p0werm0de's ghost, amateur TeCK


Innate Abilities, Weirdness & Mutations

You have extremely sharp teeth.
When hurt, damage is shared between your health and your magic reserves.
Your bite disrupts and absorbs the magic of your enemies.
Potions cannot restore your health.
You are immune to rotting.


Message History

Found a basalt altar of Yredelemnul.
Found a fuming blue potion.
m - a fuming blue potion A hobgoblin comes into view.
It is wielding a club.
Casting: Shock
Confirm with . or Enter, or press ? or * to list all spells.
Aiming: Shock
Press: ? - help, Shift-Dir - straight line, f - hobgoblin
Aim: a hobgoblin, wielding a club (resting)
The zap hits the hobgoblin.
The hobgoblin is lightly wounded.
The hobgoblin shouts!
Casting: Shock
Confirm with . or Enter, or press ? or * to list all spells.
Aiming: Shock
Press: ? - help, Shift-Dir - straight line, f/p - hobgoblin
Aim: a hobgoblin, wielding a club (lightly wounded)
The zap hits the hobgoblin.
The hobgoblin is almost dead.
Casting: Shock
Confirm with . or Enter, or press ? or * to list all spells.
Aiming: Shock
Press: ? - help, Shift-Dir - straight line, f/p - hobgoblin
Aim: a hobgoblin, wielding a club (almost dead)
The zap misses the hobgoblin.
The hobgoblin closely misses you.
You hit the hobgoblin but do no damage. You bite the hobgoblin.
You drain its power.
You feel invigorated.
You kill the hobgoblin!
A kobold comes into view. It is wielding a whip.
Casting: Shock
Confirm with . or Enter, or press ? or * to list all spells.
Aiming: Shock
Press: ? - help, Shift-Dir - straight line, f - kobold
Aim: a kobold, wielding a whip (hasn't noticed you)
You miscast Shock.
You are very lightly contaminated with residual magic.
Your hair stands on end.
Casting: Shock
Confirm with . or Enter, or press ? or * to list all spells.
Aiming: Shock
Press: ? - help, Shift-Dir - straight line, f/p - kobold
Aim: a kobold, wielding a whip The zap hits the kobold.
The kobold is severely wounded.
Casting: Shock
Confirm with . or Enter, or press ? or * to list all spells.
Aiming: Shock
Press: ? - help, Shift-Dir - straight line, f/p - kobold
Aim: a kobold, wielding a whip (severely wounded)
The zap hits the kobold.
You kill the kobold!
n - a pink potion You see here a whip.
As you read the scroll labeled XARHEM GEPTUPU, it crumbles to dust.
You feel strangely unstable.
It was a scroll of teleportation.
As you read the scroll labeled JAASHR GOIQOULATOV, it crumbles to dust.
It is a scroll of identify.
n - a potion of might Your magical contamination has completely faded away.
As you read the scroll of identify, it crumbles to dust.
m - a potion of flight Your surroundings suddenly seem different.
An orc comes into view.
The orc shouts! x2
The orc barely misses you.
P0werm0de's ghost turns its malevolent gaze towards you.
You hit the orc. You bite the orc. You drain its power.
You feel invigorated.
The orc is severely wounded.
The orc hits you with a short sword.
Found a stone staircase leading down.
Found 12 gold pieces.
Found a stone staircase leading down.
There is a stone staircase leading down here.
You climb downwards.
An iguana comes into view.
The iguana hisses angrily.
Found a throwing net.
Found a stone staircase leading up.
There is a stone staircase leading up here.
The iguana barely misses you.
Casting: Shock
Confirm with . or Enter, or press ? or * to list all spells.
Aiming: Shock
Press: ? - help, Shift-Dir - straight line You miscast Shock.
You are very lightly contaminated with residual magic.
Nothing appears to happen.
The iguana misses you.
Casting: Shock
Confirm with . or Enter, or press ? or * to list all spells.
Aiming: Shock
Press: ? - help, Shift-Dir - straight line The zap hits the iguana.
The iguana appears unharmed.
The zap hits the iguana.
The iguana is lightly wounded.
The iguana bites you!
* * * LOW HITPOINT WARNING * * *
You hit the iguana but do no damage.
The iguana is lightly wounded.
The iguana bites you!
Ouch! That really hurt!
You die...

............#
............#
............#
..(.....#####
..#####..#
.#### ##.#
... #.#
#.###.#
#.@l..#
#####.# ###


You could see an iguana.

Vanquished Creatures
  2 adders (D:2)
  An orc (D:3)
  2 giant cockroaches (D:1)
  3 goblins
  3 hobgoblins
  A quokka (D:2)
  A ball python (D:1)
  7 bats
  3 frilled lizards
  6 kobolds
  6 rats
35 creatures vanquished.

Notes
Turn   | Place    | Note
-------+----------+-------------------------------------------
     0 | D:1      | tidbits the Vine Stalker Air Elementalist began the quest for the Orb.
     0 | D:1      | Reached XP level 1. HP: 9/9 MP: 4/4
   239 | D:3      | Reached skill level 1 in Unarmed Combat
   239 | D:3      | Reached XP level 2. HP: 10/13 MP: 1/6
   247 | D:3      | Reached skill level 3 in Stealth
   297 | D:3      | Noticed p0werm0de's ghost (amateur TeCK)
   514 | D:1      | Reached XP level 3. HP: 16/16 MP: 0/7
   672 | D:2      | Reached skill level 2 in Unarmed Combat
   719 | D:2      | Reached skill level 4 in Stealth
   838 | D:3      | Found a basalt altar of Yredelemnul.
   919 | D:4      | Slain by an iguana

Skill      XL: |  1  2  3 |
---------------+----------+-----
Unarmed Combat | 1 2 |  2.2
Stealth        | 3 4 |  4.1
Dodging        | |  1.5
Spellcasting   | |  2.1
Conjurations   | |  1.0
Air Magic      | |  3.0

Action                   || total
-------------------------++-------
Melee: Dagger            ||    21
       Bite              ||     6
 Cast: Shock             ||    50
  Use: Scroll            ||     3
 Stab: Sleeping          ||     2
  Eat: Ration            ||     1
Armor: Robe              ||     6
Dodge: Dodged            ||    24

Table legend:
 A = Turns spent in this place as a percentage of turns spent in the entire game.
 B = Non-inter-level travel turns spent in this place as a percentage of non-inter-level travel turns spent in the entire game.
 C = Inter-level travel turns spent in this place as a percentage of turns spent in this place.
 D = Turns resting spent in this place as a percentage of non-inter-level travel turns spent in this place.
 E = Turns spent auto-exploring this place as a percentage of non-inter-level travel turns spent in this place.
 F = Non-inter-level travel turns spent in this place divided by the number of levels of this place that you've seen.
                   A       B       C       D       E      F
               +-------+-------+-------+-------+-------+----------------------
         Total | 100.0 | 100.0 |   0.0 |   0.0 |   1.8 | 229.8
       Dungeon | 100.0 | 100.0 |   0.0 |   0.0 |   1.8 | 229.8
               +-------+-------+-------+-------+-------+----------------------

Table legend:
 A = Kills in this place as a percentage of kills in entire the game.
 B = Kills by you in this place as a percentage of kills by you in the entire game.
 C = Kills by friends in this place as a percentage of kills by friends in the entire game.
 D = Other kills in this place as a percentage of other kills in the entire game.
 E = Experience gained in this place as a percentage of experience gained in the entire game.
 F = Experience gained in this place divided by the number of levels of this place that you have seen.
                   A       B       C       D       E      F
               +-------+-------+-------+-------+-------+----------------------
         Total | 100.0 | 100.0 |   N/A |   N/A | 100.0 |  19.2
       Dungeon | 100.0 | 100.0 |   N/A |   N/A | 100.0 |  19.2
               +-------+-------+-------+-------+-------+----------------------

Vault maps used:
D:1:      evilmike_arrival_fibonacci_small, hangedman_decor_opposing
D:2:      serial_glass, glass_columns_b, glass_columns_a, wad_floor_pattern_1
D:3:      nicolae_overflow_crystal_walls, minmay_misc_feat_four_crosses,
          grunt_ministairs_10, minmay_misc_feat_plants
D:4:      gammafunk_temple_overflow_forgotten, elyvilon_altar_3,
          minmay_temple_entry_butterflies, st_stairs_10, fedhas_altar_3
